 Dungeon Crawl Stone Soup version 0.29-a0-901-g46a8461d6a (webtiles) character file.

Game seed: 16047626380215487832

259 soberaf the Conjurer (level 6, -6/49 HPs)
             Began as a Naga Hedge Wizard on July 23, 2022.
             Was a Follower of Dithmenos.
             Mangled by a gnoll sergeant
             ... wielding a +3 spear of freezing
              (12 damage)
             ... on level 4 of the Dungeon.
             The game lasted 00:12:22 (3766 turns).

soberaf the Conjurer (Naga Hedge Wizard)            Turns: 3766, Time: 00:12:23

Health: -6/49      AC:  6    Str: 12    XL:     6   Next: 17%
Magic:  5/19       EV:  9    Int: 17    God:    Dithmenos [*.....]
Gold:   132        SH:  0    Dex: 10    Spells: 5/11 levels left

rFire   . . .      SeeInvis +   a - +1 dagger
rCold   . . .      Faith    .   (no shield)
rNeg    + . .      Spirit   .   b - +0 robe
rPois   +          Reflect  .   t - +2 helmet
rElec   .          Harm     .   (no cloak)
rCorr   .          Rampage  .   (no gloves)
Will    .....                   (no barding)
Stlth   ++........              p - amulet of the acrobat
HPRegen 0.16/turn               l - ring of magical power
MPRegen 0.16/turn               q - ring of positive energy

@: short of breath, wreathed by umbra, very slow
A: AC +2, large, see invisible, deformed body, poison resistance, slowness 2,
spit poison 1, naga tail 1
a: Spit Poison, Renounce Religion


You were on level 4 of the Dungeon.
You worshipped Dithmenos.
Dithmenos was aware of your devotion.
You visited 1 branch of the dungeon, and saw 4 of its levels.

You collected 132 gold pieces.

Inventory:

Hand Weapons
 a - a +1 dagger (weapon)
Missiles
 c - a silver javelin
 r - 3 boomerangs of dispersal
Armour
 b - a +0 robe (worn)
 t - a +2 helmet (worn)
Jewellery
 l - a ring of magical power (left hand)
 m - a ring of ice
 p - an amulet of the acrobat (around neck)
 q - a ring of positive energy (right hand)
Wands
 h - a wand of digging (7)
Scrolls
 e - a scroll of enchant weapon
 g - 2 scrolls of teleportation {unknown}
 i - 2 scrolls of enchant armour
Potions
 d - a potion of magic
 f - 2 potions of attraction
 j - a potion of curing
 o - a potion of brilliance
 s - a potion of resistance {unknown}


   Skills:
 - Level 1.5 Dodging
 - Level 3.0 Stealth
 - Level 3.0 Spellcasting
 + Level 5.0 Conjurations
 - Level 1.0 Summonings
 - Level 3.3 Translocations


You had 5 spell levels left.
You knew the following spells:

 Your Spells              Type           Power      Damage    Failure   Level
a - Magic Dart            Conj           76%        1d6       2%          1
b - Blink                 Tloc           26%        N/A       7%          2
c - Mephitic Cloud        Conj/Pois/Air  8%         N/A       26%         3

Your spell library contained the following spells:

 Spells                   Type           Power      Damage    Failure   Level
 Slow                     Hex            8%         N/A       17%         1
 Call Imp                 Summ           5%         N/A       17%         2
 Conjure Flame            Conj/Fire      11%        6-21      19%         3
 Portal Projectile        Hex/Tloc       16%        N/A       26%         3
 Tukima's Dance           Hex            2%         N/A       45%         3
 Blade Hands              Tmut           1%         N/A       99%         5
 Borgnjor's Revivificati  Necr           1%         N/A       100%        8
 Necromutation            Tmut/Necr      1%         N/A       100%        8
 Death's Door             Necr           1%         N/A       100%        9


Dungeon Overview and Level Annotations

Branches:
Dungeon (4/15)
 Temple: D:4-7

Altars:
Dithmenos
The Shining One


Innate Abilities, Weirdness & Mutations

Your serpentine skin is tough. (AC +2)
You have supernaturally acute eyesight. (SInv)
Armour fits poorly on your strangely shaped body.
Your system is resistant to poisons. (rPois)
You cover ground very slowly.
You can spit poison.
You have a snake-like lower body.


Message History

The gnoll sergeant hits the gnoll with a +3 spear of freezing!
The gnoll sergeant freezes the gnoll.
You hit the gnoll sergeant but do no damage.
The gnoll sergeant is heavily wounded.
The gnoll sergeant hits you with a +3 spear of freezing.
The gnoll sergeant freezes you.
You hit the gnoll sergeant.
The gnoll sergeant is heavily wounded.
The gnoll sergeant hits you with a +3 spear of freezing.
* * * LOW HITPOINT WARNING * * *
The gnoll sergeant freezes you.
* * * LOW HITPOINT WARNING * * *
You hit the gnoll sergeant but do no damage.
Your punch misses the gnoll sergeant.
The gnoll sergeant is heavily wounded.
The gnoll sergeant hits you with a +3 spear of freezing.
* * * LOW HITPOINT WARNING * * *
The gnoll sergeant freezes you.
* * * LOW HITPOINT WARNING * * *
The gnoll sergeant barely misses itself.
Throw: 2 javelins (silver)
Press: ? - help, Q - select action, (/) - cycle Shift-Dir - straight line, f - gnoll, p - gnoll sergeant
Aim: a gnoll, wielding a +0 flail (58% to hit)
You throw a silver javelin.
The silver javelin pierces through the gnoll sergeant but does no damage.
The gnoll sergeant is severely wounded.
The silver javelin barely misses the gnoll.
The silver javelin pierces through the gnoll!
You kill the gnoll!
Dithmenos accepts your kill.
The silver javelin closely misses the gnoll.
Your Conjurations skill increases to level 5!
Aiming: Spit Poison (1% risk of failure)
Press: ? - help, Q - select action, (/) - cycle Shift-Dir - straight line, f/p - gnoll
Aim: a gnoll, wielding a +0 flail (65% to hit)
The splash of poison hits the gnoll sergeant!
The gnoll sergeant looks even sicker.
The gnoll sergeant is almost dead.
The gnoll sergeant hits you with a +3 spear of freezing!
You die...

...(♣.. .♣(.)
.......# .....
.....#. ..# ...
.).#.... ..## )g.
...#.... ..# ♣g♣
......#.####.# ♣g♣
......#..##..###@##
............>.....#
....##..........###
#...##...##.....#
#..##.).####..##
##..##))..######
..)..).....#
..).....##.##
..#...#.....#


You could see a gnoll sergeant (confused, very poisoned) and 2 gnolls.

Vanquished Creatures
  An iguana (D:4)
  11 gnolls
  5 adders
  3 worms
  A dart slug (D:1)
  4 orcs (D:4)
  6 ball pythons
  3 endoplasms
  3 giant cockroaches
  6 goblins
  6 hobgoblins
  7 kobolds
  3 quokkas
  6 bats
  A frilled lizard (D:2)
  8 rats
74 creatures vanquished.

Notes
Turn   | Place    | Note
-------+----------+-------------------------------------------
     0 | D:1      | soberaf the Naga Hedge Wizard began the quest for the Orb.
     0 | D:1      | Reached XP level 1. HP: 15/15 MP: 4/4
   137 | D:1      | Reached skill level 2 in Conjurations
   137 | D:1      | Reached XP level 2. HP: 22/22 MP: 6/6
   422 | D:1      | Learned a level 2 spell: Blink
   830 | D:1      | Reached XP level 3. HP: 28/28 MP: 7/7
  1098 | D:1      | Learned a level 3 spell: Mephitic Cloud
  1445 | D:1      | Reached skill level 3 in Conjurations
  1660 | D:2      | Reached XP level 4. HP: 36/36 MP: 8/8
  2151 | D:2      | Reached XP level 5. HP: 40/42 MP: 9/9
  2657 | D:3      | Found a faded altar of an unknown god.
  2666 | D:3      | Prayed at the altar of an unknown god.
  2666 | D:3      | Became a worshipper of Dithmenos the Shadowed
  2666 | D:3      | Reached * piety under Dithmenos
  3306 | D:3      | Found a glowing golden altar of the Shining One.
  3384 | D:4      | Reached skill level 4 in Conjurations
  3739 | D:4      | Reached XP level 6. HP: 49/49 MP: 10/10
  3766 | D:4      | Reached skill level 5 in Conjurations
  3766 | D:4      | Mangled by a gnoll sergeant

Illustrated notes

Levels and vault maps discovered:
D:1:      lightli_arrival_chessboard, layout_loops_ring
D:2:      layout_loops_ring
D:3:      layout_basic, tso_altar, hellmonk_ecumenical_altar_lost_god,
          hangedman_abyss_or_decor_lesser_grid
D:4:      layout_cave_pools, pf_guarded_unrand_woodcutter, uniq_ijyb

Skill      XL: |  1  2  3  4  5  6 |
---------------+-------------------+-----
Conjurations   | 2 3 4 5 |  5.0
Translocations | 2 3 |  3.3
Dodging        | |  1.5
Stealth        | |  3.0
Spellcasting   | |  3.0
Summonings     | |  1.0

Action                   |  1- 3 |  4- 6 || total
-------------------------+-------+-------++-------
Melee: Dagger            |    18 |    25 ||    43
Throw: Dart              |       |     4 ||     4
       Javelin           |       |     1 ||     1
 Cast: Magic Dart        |    60 |   102 ||   162
       Mephitic Cloud    |       |     3 ||     3
 Abil: Spit Poison       |    19 |    19 ||    38
  Use: Scroll            |       |     6 ||     6
       Potion            |       |     1 ||     1
 Stab: Confused          |       |     2 ||     2
Armor: Robe              |    18 |     8 ||    26
       Skin              |       |     3 ||     3
Dodge: Dodged            |    21 |    21 ||    42

Table legend: (Time is in decaauts)
 A = Elapsed time spent in this place.
 B = Non-inter-level travel time spent in this place.
 C = Inter-level travel time spent in this place.
 D = Time resting spent in this place.
 E = Time spent auto-exploring this place.
 F = Levels seen in this place.
 G = Mean time per level.
                   A        B        C        D        E       F      G
               +--------+--------+--------+--------+--------+-----+--------+
         Total |   4535 |   4345 |    190 |    724 |   2961 |   4 | 1133.8 |
       Dungeon |   4535 |   4345 |    190 |    724 |   2961 |   4 | 1133.8 |
               +--------+--------+--------+--------+--------+-----+--------+

Top non-repeatable levels by time:
     D:1: 1675 daAuts
     D:3: 1224 daAuts
     D:2: 1218 daAuts
     D:4: 416 daAuts
